 Dungeon Crawl Stone Soup version 0.31.0-4-g52a2dc7128 (webtiles) character file.

Game seed: 14782407267622764353

8077 browni3141 the Grappler (level 11, -9/107 HPs)
             Began as a Troll Enchanter on Jan 23, 2024.
             Was a Priest of Trog.
             Mangled by a two-headed ogre
             ... wielding a +0 great mace
              (10 damage)
             ... on level 2 of the Orcish Mines.
             The game lasted 00:13:15 (7770 turns).

browni3141 the Grappler (Troll Enchanter)           Turns: 7770, Time: 00:13:15

Health: -9/107     AC: 10    Str: 22    XL:     11   Next: 5%
Magic:  13/13      EV:  9    Int: 11    God:    Trog [***...]
Gold:   657        SH: 10    Dex: 16    Spells: 12/14 levels left

rFire   + .          .
                       - Unarmed
rCold   + . .        D - +0 kite shield
rNeg    . . .        R - +2 robe {rC+ rF+}
rPois   .            T - +1 hat
rElec   .            t - +2 cloak
rCorr   .            (gloves unavailable)
SInv    +            (boots unavailable)
Will    ++...        I - amulet of regeneration
Stlth   ++           q - ring of see invisible
HPRegen 2.97/turn    Y - +6 ring of dexterity
MPRegen 0.13/turn

%: no passive effects
@: strong-willed, on berserk cooldown, regenerating, slowed, very slow
A: large, unfitting armour, claws 3, regeneration 1, shaggy fur 1, tough skin 1
a: Renounce Religion, Berserk, Trog's Hand


You were on level 2 of the Orcish Mines.
You worshipped Trog.
Trog was most pleased with you.
You visited 3 branches of the dungeon, and saw 13 of its levels.

You collected 822 gold pieces.
You spent 165 gold pieces at shops.

Inventory:

Hand Weapons
 F - a +0 falchion of holy wrath
 U - a +2 dagger of speed
Missiles
 J - 35 poisoned darts (quivered)
 P - 6 curare-tipped darts
 Z - a throwing net
Armour
 b - a +0 robe
 t - a +2 cloak (worn)
 C - an orb of wrath
 D - a +0 kite shield (worn)
 O - a scarf of invisibility
 R - a +2 robe of resistance (worn)
 T - a +1 hat (worn)
 X - a +0 cloak
Jewellery
 j - an amulet of magic regeneration
 q - a ring of see invisible (left claw)
 H - a ring of protection from cold
 I - an amulet of regeneration (around neck)
 Y - a +6 ring of dexterity (right claw)
Wands
 z - a wand of mindburst (6)
 V - a wand of flame (23)
Scrolls
 l - a scroll of immolation {unknown}
 m - 6 scrolls of identify {unknown}
 n - a scroll of enchant armour {unknown}
 o - 5 scrolls of revelation {unknown}
 p - 4 scrolls of teleportation {unknown}
 x - a scroll of summoning {unknown}
 A - a scroll of blinking {unknown}
 E - a scroll of poison {unknown}
 L - a scroll of torment {unknown}
 N - 4 scrolls of fear {unknown}
 Q - a scroll of vulnerability {unknown}
 W - a scroll of noise {unknown}
Potions
 i - 3 potions of invisibility
 k - 2 potions of heal wounds {unknown}
 r - a potion of ambrosia {unknown}
 s - a potion of brilliance {unknown}
 y - a potion of cancellation {unknown}
 B - a potion of berserk rage {unknown}
 G - 2 potions of curing {unknown}
 K - a potion of mutation {unknown}
 M - 2 potions of lignification {unknown}
 S - 2 potions of enlightenment {unknown}


   Skills:
 + Level 6.5 Fighting
 - Level 0.7 Short Blades
 + Level 5.4 Throwing
 - Level 3.0 Dodging
 - Level 1.5 Stealth
 - Level 6.0 Shields
 * Level 10.9 Unarmed Combat
 - Level 2.0 Spellcasting
 - Level 2.5 Hexes
 - Level 2.0 Evocations


You had 12 spell levels left.
You knew the following spells:

 Your Spells              Type           Power      Damage    Failure   Level
h - Ensorcelled Hibernat  Hex/Ice        6%         N/A       47%         2

Your spell library contained the following spells:

 Spells                   Type           Power      Damage    Failure   Level
 Apportation              Tloc           2%         N/A       52%         1
 Necrotise                Necr           4%         1d4       52%         1
 Sting                    Conj/Alch      4%         1d3       52%         1
 Summon Small Mammal      Summ           4%         N/A       52%         1
 Confusing Touch          Hex            6%         N/A       54%         3
 Tukima's Dance           Hex            6%         N/A       54%         3
 Dazzling Flash           Conj/Hex       6%         N/A       71%         3
 Inner Flame              Hex/Fire       3%         N/A       71%         3
 Irradiate                Conj/Alch      0%         3d11      100%        5
 Ignition                 Fire           0%         3d3       100%        8


Dungeon Overview and Level Annotations

Branches:
Dungeon (10/15)            Temple (1/1) D:4             Orc (2/2) D:9
   Lair: D:8-11         Elf: Orc:2

Altars:
Ashenzari
Cheibriados
Dithmenos
Elyvilon
Fedhas
Gozag
Hepliaklqana
Kikubaaqudgha
Makhleb
Okawaru
Qazlal
Ru
Sif Muna
Trog
Uskayaw
Vehumet
Wu Jian
Xom
Yredelemnul
Zin
The Shining One

Shops:
D:3 [   Orc:1 [((

Annotations:
D:3 1 runed translucent door, Crazy Yiuf


Innate Abilities, Weirdness & Mutations

You are too large for most types of armour.
You have claws for hands.
Your natural rate of healing is unusually fast.
You are covered in fur. (AC +1)
You have tough skin. (AC +1)


Message History

You now have 657 gold pieces (gained 17).
There is an open door, spattered with blood here.
Items here: ))))) [[[[ †.
Found Iduisiry's Weapon Shoppe.
Found a stone staircase leading down.
An orc warrior and an orc wizard come into view.
There are monsters nearby!
There are monsters nearby!
You see here 16 gold pieces.
An orc knight comes into view.
It is wielding a +0 glaive and wearing a +1 plate armour of poison resistance.
The orc knight shouts!
An orc warrior comes into view. It is wielding a +0 trident.
An orc comes into view. It is wielding a +0 flail.
The orc warrior shouts!
The orc knight roars a battlecry!
The orcs go into a battle-frenzy!
There is a stone staircase leading down here.
You barely miss the orc warrior.
The orc warrior hits you with a +0 scimitar.
The orc shouts!
You scratch the orc warrior.
The orc warrior is lightly wounded.
You block the orc knight's attack.
The orc warrior hits you but does no damage.
A red film seems to cover your vision as you go berserk!
You feel yourself moving faster!
You feel mighty!
The orc warrior hits you from afar with a +0 trident!
The orc knight hits you from afar with a +0 glaive!
You block the orc warrior's attack.
You barely miss the orc warrior.
The orc warrior is lightly wounded.
You claw the orc warrior!
The orc warrior is moderately wounded.
The orc warrior hits you from afar with a +0 trident!
The orc knight misses you. You block the orc warrior's attack.
You closely miss the orc warrior.
The orc warrior is moderately wounded.
You claw the orc warrior!
The orc warrior is severely wounded.
The orc knight hits you from afar with a +0 glaive!!
The orc warrior barely misses you. You block the orc warrior's attack.
You hear a shout!
You closely miss the orc warrior.
The orc warrior is severely wounded.
You hear a shout!
You closely miss the orc warrior.
The orc warrior is severely wounded.
The orc knight hits you from afar with a +0 glaive!
The orc warrior hits you with a +0 scimitar!!
* * * LOW HITPOINT WARNING * * *
An orc comes into view. It is wielding a +0 whip.
You block the orc warrior's attack. You block the orc warrior's attack.
The orc knight hits you from afar with a +0 glaive!
* * * LOW HITPOINT WARNING * * *
You block the orc warrior's attack.
You climb downwards.
You feel a strong urge to attack something.
The orc priest shouts!
The two-headed ogre shouts in stereo!
The ogre shouts!
The warg howls!
The orc warrior shouts!
You hear a shout! x2
Found 89 gold pieces.
Found a stone staircase leading up.
There is a stone staircase leading up here.
You claw the orc warrior!
You kill the orc warrior!
Trog accepts your kill.
A warg comes into view.
The warg howls!
You hear a shout!
The orc warrior unwields a +0 scimitar.
The orc warrior wields a +0 arbalest.
The orc warrior shoots a bolt.
The bolt hits you!
* * * LOW HITPOINT WARNING * * *
An ogre comes into view. It is wielding a +0 giant spiked club.
The two-headed ogre closely misses you. You block the two-headed ogre's attack.
You claw the two-headed ogre!
The two-headed ogre is moderately wounded.
You are no longer berserk.
You are exhausted.
You feel yourself slow down.
The orc priest calls down the wrath of Beogh upon you.
Beogh smites you!
* * * LOW HITPOINT WARNING * * *
You hear a shout!
Your skin crawls.
You feel strong-willed.
A troll comes into view.
An orc sorcerer comes into view. It is wielding a +0 dagger.
You block the two-headed ogre's attack.
The two-headed ogre hits you with a +0 giant club!
* * * LOW HITPOINT WARNING * * *
The orc priest invokes the aid of Beogh against you.
Beogh smites you!
* * * LOW HITPOINT WARNING * * *
An ogre comes into view. It is wielding a +0 giant club.
Unknown command.
Your two-headed ogre goes berserk!
You can no longer call in reinforcements.
An orc warrior comes into view. It is wielding a +0 short sword.
The two-headed ogre hits you with a +0 great mace!
* * * LOW HITPOINT WARNING * * *
The two-headed ogre hits you with a +0 giant club!
You die...

.............
.#...o...... ..
#...........
$..##.........#
#....#........#.
......<..O.....#
#....#...O......
#.......@.h..T..
.$.....<)hO.o...
........$.......
............O...
................
...#o..........#
.. #......$....o
. ............O
.............


You could see a two-headed ogre (ally target), a troll, 2 wargs, an orc sorcerer
(wandering), 2 orc warriors, 3 ogres, an orc priest and a friendly two-headed
ogre (summoned, berserk).

Vanquished Creatures
  A two-headed ogre (D:9)
  An orc knight (D:9)
  5 kobold blastminers (Orc:1)
  A kobold demonologist (D:8)
  A hornet (D:8)
  A shadow (D:9)
  3 wyverns
  A warg (D:9)
  3 water moccasins
  8 orc warriors
  A black bear (D:6)
  5 ogres
  2 centaurs
  A phantom (D:7)
  4 kobold brigands
  4 scorpions
  A gnoll sergeant (D:8)
  4 wights (D:7)
  4 howler monkeys
  3 bombardier beetles
  6 hounds
  A gnoll bouda (D:5)
  15 orc priests
  An iguana (D:5)
  13 orc wizards
  3 sleepcaps
  A statue (D:4)
  9 gnolls
  2 adders
  3 dart slugs
  A ribbon worm (D:3)
  71 orcs
  5 ball pythons
  7 bats (D:1)
  6 endoplasms
  4 giant cockroaches
  8 goblins
  4 hobgoblins
  4 jackals (D:1)
  19 kobolds
  3 quokkas
  A frilled lizard (D:2)
  10 rats
251 creatures vanquished.

Notes
Turn   | Place    | Note
-------+----------+-------------------------------------------
     0 | D:1      | browni3141 the Troll Enchanter began the quest for the Orb.
     0 | D:1      | Reached XP level 1. HP: 16/16 MP: 1/1
   115 | D:1      | Reached skill level 1 in Unarmed Combat
   125 | D:1      | Reached XP level 2. HP: 26/26 MP: 2/2
   399 | D:1      | Reached skill level 2 in Unarmed Combat
   441 | D:1      | Reached XP level 3. HP: 33/33 MP: 3/3
   744 | D:2      | Learned a level 2 spell: Ensorcelled Hibernation
   757 | D:2      | Reached XP level 4. HP: 37/41 MP: 3/5
   831 | D:2      | Found a faded altar of an unknown god.
  1350 | D:3      | Found a glowing silver altar of Zin.
  1362 | D:3      | Reached skill level 3 in Unarmed Combat
  1384 | D:3      | Found a runed translucent door.
  1385 | D:3      | Noticed Crazy Yiuf
  1468 | D:3      | Found Hokuonk's Armour Emporium.
  1740 | D:3      | Reached XP level 5. HP: 45/48 MP: 6/6
  2226 | D:4      | Found a staircase to the Ecumenical Temple.
  2268 | Temple   | Entered the Ecumenical Temple
  2276 | Temple   | Became a worshipper of Trog the Wrathful
  2327 | D:4      | Found a radiant altar of Vehumet.
  2327 | D:4      | Noticed a charred statue
  2506 | D:4      | Reached XP level 6. HP: 57/57 MP: 8/8
  2680 | D:5      | Entered Level 5 of the Dungeon
  2680 | D:5      | Found a white marble altar of Elyvilon.
  2737 | D:5      | Reached skill level 4 in Unarmed Combat
  2926 | D:5      | Reached XP level 7. HP: 58/66 MP: 9/9
  3070 | D:5      | Reached skill level 3 in Throwing
  3154 | D:5      | Reached skill level 5 in Unarmed Combat
  3254 | D:5      | Reached * piety under Trog
  3469 | D:5      | Reached skill level 3 in Fighting
  3665 | D:6      | Reached XP level 8. HP: 71/75 MP: 10/10
  4323 | D:7      | Reached skill level 6 in Unarmed Combat
  4483 | D:7      | Reached skill level 7 in Unarmed Combat
  4989 | D:8      | Reached XP level 9. HP: 85/85 MP: 11/11
  5093 | D:8      | Reached skill level 8 in Unarmed Combat
  5107 | D:8      | Reached ** piety under Trog
  5135 | D:8      | Found an ornate altar of the Wu Jian Council.
  5458 | D:8      | Found a basalt altar of Yredelemnul.
  5924 | D:9      | Noticed a two-headed ogre
  5936 | D:10     | Entered Level 10 of the Dungeon
  5961 | D:9      | Killed a two-headed ogre
  5962 | D:9      | Reached skill level 3 in Shields
  5962 | D:9      | Reached skill level 9 in Unarmed Combat
  6017 | D:9      | Noticed a kobold demonologist
  6022 | D:9      | Noticed an orange demon
  6082 | D:8      | Killed a kobold demonologist
  6083 | D:8      | Reached XP level 10. HP: 75/96 MP: 12/12
  6085 | D:8      | Reached *** piety under Trog
  6247 | D:9      | Found a staircase to the Orcish Mines.
  6688 | D:9      | Reached skill level 10 in Unarmed Combat
  6696 | D:9      | Reached **** piety under Trog
  7115 | Orc:1    | Entered Level 1 of the Orcish Mines
  7128 | Orc:1    | Noticed an orc knight
  7199 | Orc:1    | Noticed a kobold blastminer
  7212 | D:9      | Killed an orc knight
  7213 | D:9      | Reached skill level 6 in Fighting
  7331 | Orc:1    | Killed a kobold blastminer
  7362 | Orc:1    | Noticed a kobold blastminer
  7394 | Orc:1    | Killed a kobold blastminer
  7395 | Orc:1    | Reached skill level 3 in Dodging
  7395 | Orc:1    | Reached skill level 6 in Shields
  7467 | Orc:1    | Found Ijorayr's Armour Boutique.
  7491 | Orc:1    | Noticed a kobold blastminer
  7498 | Orc:1    | Noticed a kobold blastminer
  7502 | Orc:1    | Killed a kobold blastminer
  7503 | Orc:1    | Noticed a kobold blastminer
  7506 | Orc:1    | Killed a kobold blastminer
  7508 | Orc:1    | Killed a kobold blastminer
  7553 | Orc:1    | Bought a +1 hat for 165 gold pieces
  7685 | Orc:1    | Found Quulu's Weapon Emporium.
  7705 | Orc:1    | Reached XP level 11. HP: 107/107 MP: 13/13
  7746 | Orc:1    | Found Iduisiry's Weapon Shoppe.
  7752 | Orc:1    | Noticed an orc knight
  7765 | Orc:2    | Entered Level 2 of the Orcish Mines
  7765 | Orc:2    | Noticed a two-headed ogre
  7769 | Orc:2    | Noticed an orc sorcerer
  7770 | Orc:2    | HP: 1/107 [two-headed ogre/+0 great mace (10)]
  7770 | Orc:2    | Mangled by a two-headed ogre

Illustrated notes

Levels and vault maps discovered:
D:1:      dpeg_arrival_tiny_k, layout_loops_ring
D:2:      layout_basic, ebering_ecumenical_altar_rust
D:3:      layout_loops_ring, mainiacjoe_overflow_boulevard, serial_shops, shop,
          nrook_loot_triangle, cheibrodos_gnoll_hut, uniq_crazy_yiuf_cottage
D:4:      layout_rooms, vehumet_statue, minmay_temple_entry_tees
D:5:      layout_loops_ring, elyvilon_altar_5, nicolae_eternal_life,
          nrook_pool_corridor
D:6:      layout_basic
D:7:      layout_rooms, kennysheep_generic_room_12
D:8:      layout_loops_ring, nicolae_overflow_hidden_temple, minivault_24,
          nrook_mini_vaults, patterned_corridor
D:9:      layout_stronghold, hiddenorc2_lemuel, lightli_orcish_oven
D:10:     layout_gridville, gammafunk_ghost_grave
Temple:   nicolae_temple_x_marks_the_god
Orc:1:    layout_caves, serial_shops, nicolae_shop_rolling_square, shop,
          nicolae_shop_advertising_works [nicolae_subvault_shop_adworks],
          nicolae_shop_stone
Orc:2:    grunt_orc_tribal_feast, layout_caves, nicolae_shop_overcharged_wands

Skill      XL: |  1  2  3  4  5  6  7  8  9 10 |
---------------+-------------------------------+-----
Unarmed Combat | 1 2 3 4 5 7 9 10 | 10.9
Fighting       | 1 2 3 4 5 6 |  6.5
Throwing       | 1 2 4 5 |  5.4
Spellcasting   | 2 |  2.0
Shields        | 4 6 |  6.0
Dodging        | 3 |  3.0
Evocations     | 2 |  2.0
Short Blades   | |  0.7
Stealth        | |  1.5
Hexes          | |  2.5

Action                     |  1- 3 |  4- 6 |  7- 9 | 10-12 || total
---------------------------+-------+-------+-------+-------++-------
  Melee: Unarmed           |    70 |   155 |   314 |   201 ||   740
         Punch             |       |     1 |    10 |       ||    11
  Throw: Dart              |       |     2 |    11 |    15 ||    28
         Boomerang         |       |       |       |    30 ||    30
   Cast: Ensorcelled Hiber |       |     1 |       |       ||     1
 Invoke: Berserk           |       |       |     5 |     3 ||     8
         Trog's Hand       |       |       |       |     1 ||     1
         Brothers in Arms  |       |       |       |     1 ||     1
   Stab: Sleeping          |     4 |     4 |       |       ||     8
 Armour: Robe              |    31 |    93 |   232 |   154 ||   510
  Dodge: Dodged            |    34 |    68 |   123 |    75 ||   300
  Block: Kite shield       |       |       |    73 |   110 ||   183
